2

Match 22775049
End
Royal Engineer Section
Construct Section Command Post
Dingo Light Scout Car
Infantry Section
Infantry Section
Selects Heavy Armor Battlegroup
Selects Rigorous Vehicle Training
Infantry Section
Vickers Machine Gun Team
Construct Platoon Command Post
Vickers Machine Gun Team
Vickers Machine Gun Team
Selects Crusader AA Medium Tank
6-pounder Anti-tank Gun Team
Team Weapon Training
Crusader AA Medium Tank
Crusader AA Medium Tank
Royal Engineer Section
Grenade Package
Crusader AA Medium Tank
Darbesky
Volare
DaddyWesker
LOLWTF
0
0

Comments sign in to comment!

No comments posted yet!